 Dungeon Crawl Stone Soup version 0.26-a0-1181-gd376ed14c5 (webtiles) character file.

Game seed: 15687119841270423140

8 Azzok the Skirmisher (level 2, 24/24 HPs)
             Began as a Demonspawn Berserker on Dec 26, 2020.
             Was a Follower of Trog.
             Quit the game on level 1 of the Dungeon.
             The game lasted 00:00:34 (333 turns).

Azzok the Skirmisher (Demonspawn Berserker)          Turns: 333, Time: 00:00:34

Health: 24/24      AC:  5    Str: 17    XL:     2   Next: 0%
Magic:  2/2        EV: 11    Int:  8    God:    Trog [*.....]
Gold:   67         SH:  0    Dex: 12    Spells: 1/1 levels left

rFire    . . .     SeeInvis .   a - +0 hand axe
rCold    + . .     Faith    .   (no shield)
rNeg     . . .     Spirit   .   e - +0 ring mail
rPois    .         Reflect  .   (no helmet)
rElec    .         Harm     .   (no cloak)
rCorr    .         Rampage  .   (no gloves)
Will     .....                  (no boots)
Stlth    +.........             (no amulet)
HPRegen  0.08/turn              (no ring)
MPRegen  0.08/turn              (no ring)

@: no status effects
A: cold resistance 1
a: Renounce Religion, Berserk


You were on level 1 of the Dungeon.
You worshipped Trog.
Trog was aware of your devotion.
You visited 1 branch of the dungeon, and saw 1 of its levels.

You collected 67 gold pieces.

Inventory:

Hand Weapons
 a - a +0 hand axe (weapon)
Armour
 e - a +0 ring mail (worn)
Scrolls
 b - a scroll of identify {unknown}
 c - a scroll of teleportation {unknown}
 d - a scroll of blinking {unknown}
Potions
 f - a potion of curing {unknown}
 g - a potion of brilliance {unknown}
 h - a potion of might {unknown}


   Skills:
 + Level 3.1 Fighting
 + Level 2.8 Axes
 + Level 2.0 Armour
 + Level 2.0 Dodging


You had one spell level left.
You didn't know any spells.
Your spell library was empty.

Dungeon Overview and Level Annotations

Branches:
Dungeon (1/15)

Altars:


Innate Abilities, Weirdness & Mutations

Your flesh is cold resistant. (rC+)


Message History

You hit the giant cockroach.
You kill the giant cockroach!
Trog accepts your kill.
Your Armour skill increases to level 2!
Your Dodging skill increases to level 2!
You have reached level 2!
Your demonic ancestry asserts itself...
You feel resistant to cold.
You open the door.
There is an open door here.
As you open the door, it creaks loudly!
Found 14 arrows.
There is an open door here.
h - a glowing emerald potion You open the door.
There is an open door here.
You open the door.
There is an open door here.
Found a leather armour.
Are you sure you want to abandon this character and quit the game? (Confirm with "yes".)

·(············▒
▒▒▒▒▒▒▒▒▒▒▒·▒·▒
·▒·······▒·▒▒·▒
▒·▒▒▒╬▒▒▒·▒·▒·▒
▒·▒·····▒·▒·▒·▒ ▒▒▒▒▒▒·▒·
▒·▒·····▒·▒·▒·▒▒▒········
▒·'··<··╬·▒·▒·'·'·▒▒▒▒··▒
▒·▒·····▒·▒·▒·▒▒▒······▒
▒·▒·····▒·▒·▒·▒▒@▒▒▒▒·▒▒
▒·▒▒▒╬▒▒▒·▒·▒·▒▒·▒
·▒·······▒· ▒·▒▒·▒
▒▒▒▒▒▒▒▒▒▒▒·▒·▒▒·▒
··············▒▒·▒
▒▒▒▒▒'▒▒▒▒▒▒▒▒▒··▒
▒··▒·▒·······)···
▒·▒▒'▒▒·▒▒▒▒▒▒▒▒[
▒·▒▒·▒▒·▒


There were no monsters in sight!

Vanquished Creatures
  A giant cockroach (D:1)
  A goblin (D:1)
  A frilled lizard (D:1)
  3 kobolds (D:1)
  3 rats (D:1)
9 creatures vanquished.

Notes
Turn   | Place    | Note
-------+----------+-------------------------------------------
     0 | D:1      | Azzok the Demonspawn Berserker began the quest for the Orb.
     0 | D:1      | Reached XP level 1. HP: 18/18 MP: 1/1
   251 | D:1      | Gained mutation: Your flesh is cold resistant. (rC+)
                  | [demonic ancestry]
   251 | D:1      | Reached XP level 2. HP: 20/24 MP: 2/2
   333 | D:1      | Quit the game

Illustrated notes

Levels and vault maps discovered:
D:1:      matt_arrival_los_fun, layout_loops_ring

Skill      XL: |  1 |
---------------+----+-----
Armour         | 2 |  2.0
Dodging        | 2 |  2.0
Fighting       | |  3.1
Axes           | |  2.8

Action                   || total
-------------------------++-------
Melee: Hand axe          ||    25
Armor: Ring mail         ||    14
Dodge: Dodged            ||    13

Table legend: (Time is in decaauts)
 A = Elapsed time spent in this place.
 B = Non-inter-level travel time spent in this place.
 C = Inter-level travel time spent in this place.
 D = Time resting spent in this place.
 E = Time spent auto-exploring this place.
 F = Levels seen in this place.
 G = Mean time per level.
                   A        B        C        D        E       F      G
               +--------+--------+--------+--------+--------+-----+--------+
         Total |    336 |    336 |      0 |      0 |    236 |   1 |  336.0 |
       Dungeon |    336 |    336 |      0 |      0 |    236 |   1 |  336.0 |
               +--------+--------+--------+--------+--------+-----+--------+

Top non-repeatable levels by time:
     D:1: 336 daAuts
